 Dungeon Crawl Stone Soup version 0.29-a0-414-g5075937ec3 (webtiles) character file.

Game seed: 4945886790088889649

2 exilicon the Conjurer (level 1, 0/14 HPs)
             Began as a Draconian Conjurer on May 15, 2022.
             Slain by a kobold
             ... wielding a +0 dagger
              (1 damage)
             ... on level 1 of the Dungeon.
             The game lasted 00:00:31 (108 turns).

exilicon the Conjurer (Draconian Conjurer)           Turns: 108, Time: 00:00:31

Health: 0/14       AC:  4    Str:  9    XL:     1   Next: 33%
Magic:  2/3        EV: 12    Int: 18    God:
Gold:   22         SH:  0    Dex:  9    Spells: 3/4 levels left

rFire   . . .      SeeInvis .   (no weapon)
rCold   . . .      Faith    .   (no shield)
rNeg    . . .      Spirit   .   (body armour unavailable)
rPois   .          Reflect  .   (helmet restricted)
rElec   .          Harm     .   (no cloak)
rCorr   .          Rampage  .   (no gloves)
Will    .....                   (no boots)
Stlth   ++........              (no amulet)
HPRegen 0.04/turn               (no ring)
MPRegen 0.08/turn               (no ring)

@: no status effects
A: AC +4, unfitting armour, cold-blooded
a: no special abilities


You were on level 1 of the Dungeon.
You visited 1 branch of the dungeon, and saw 1 of its levels.

You collected 22 gold pieces.

Inventory:

Scrolls
 b - a scroll of enchant armour {unknown}
 c - a scroll of magic mapping {unknown}
Potions
 a - a potion of magic


   Skills:
 - Level 1.7 Dodging
 + Level 1.7 Stealth
 - Level 2.0 Spellcasting
 - Level 4.1 Conjurations


You had 3 spell levels left.
You knew the following spells:

 Your Spells              Type           Power      Damage    Failure   Level
a - Magic Dart            Conj           64%        1d6       3%          1

Your spell library contained the following spells:

 Spells                   Type           Power      Damage    Failure   Level
 Searing Ray              Conj           32%        2d5       4%          2
 Dazzling Flash           Conj/Hex       18%        N/A       24%         3
 Fulminant Prism          Conj/Hex       4%         3d6       61%         4
 Iskenderun's Mystic Bla  Conj/Tloc      9%         2d4       61%         4


Dungeon Overview and Level Annotations

Branches:
Dungeon (1/15)

Altars:


Innate Abilities, Weirdness & Mutations

Your plain brown scales are hard. (AC +4)
You cannot fit into any form of body armour.
You are cold-blooded and may be slowed by cold attacks.


Message History

Aim: a kobold, wielding a +0 dagger (moderately wounded, 100% to hit)
You miscast Magic Dart.
You are very lightly contaminated with residual magic.
Nothing appears to happen.
The kobold hits you but does no damage. The kobold attacks as you move away!
The kobold hits you with a +0 dagger.
An endoplasm comes into view.
Found 10 stones.
Found a stone staircase leading down.
The endoplasm quivers.
Found a scroll labelled NOYZIEMITI.
You don't have enough magic to cast this spell.
The kobold barely misses you. The kobold hits you with a +0 dagger.
The kobold hits you with a +0 dagger. The kobold hits you with a +0 dagger.
Your magical contamination has completely faded away.
The kobold attacks as you move away! The kobold hits you but does no damage.
You see here 7 gold pieces.
Aiming: Magic Dart (safe; 3% risk of failure)
Press: ? - help, Q - select action Shift-Dir - straight line, f/p - kobold
Aim: a kobold, wielding a +0 dagger (100% to hit)
The magic dart hits the kobold.
The kobold is moderately wounded.
The kobold barely misses you. The kobold attacks as you move away!
The kobold misses you. The kobold misses you.
The kobold attacks as you move away! The kobold hits you but does no damage.
Found a stone staircase leading down.
The kobold hits you with a +0 dagger.
* * * LOW HITPOINT WARNING * * *
The kobold attacks as you move away! The kobold barely misses you.
The kobold attacks as you move away! The kobold closely misses you.
The kobold hits you with a +0 dagger.
* * * LOW HITPOINT WARNING * * *
The kobold attacks as you move away! The kobold barely misses you.
The kobold attacks as you move away! The kobold hits you with a +0 dagger.
* * * LOW HITPOINT WARNING * * *
The kobold attacks as you move away! The kobold hits you with a +0 dagger.
* * * LOW HITPOINT WARNING * * *
The kobold hits you with a +0 dagger.
You die...

#..########....##..#8.#.8
#..>...............##.#.#
#......####.########8...8
#.##........#8#8#8#8#...#
#.#.####.#............
#.#.# #..'.#####...<..
#.##.#J###..#............
#......K....#8#8#8#8#...#
####.#..@##.########8...8
#.###.##...$....##.#.# #.
#.##....##..#8.#.8
#.##...####.##.#.#
#.##....##..#8...8
#.##........###+##
.............
............(
.............


You could see an endoplasm and a kobold.

Vanquished Creatures
  A dart slug (D:1)
1 creature vanquished.

Notes
Turn   | Place    | Note
-------+----------+-------------------------------------------
     0 | D:1      | exilicon the Draconian Conjurer began the quest for the
                  | Orb.
     0 | D:1      | Reached XP level 1. HP: 14/14 MP: 3/3
   108 | D:1      | Slain by a kobold

Illustrated notes

Levels and vault maps discovered:
D:1:      heliophobic_arrival_ceremonial_halls, layout_loops_ring,
          minmay_quantized

Action                   || total
-------------------------++-------
Melee: Unarmed           ||     4
 Cast: Magic Dart        ||     6
Armor: Skin              ||     4
Dodge: Dodged            ||    10

Table legend: (Time is in decaauts)
 A = Elapsed time spent in this place.
 B = Non-inter-level travel time spent in this place.
 C = Inter-level travel time spent in this place.
 D = Time resting spent in this place.
 E = Time spent auto-exploring this place.
 F = Levels seen in this place.
 G = Mean time per level.
                   A        B        C        D        E       F      G
               +--------+--------+--------+--------+--------+-----+--------+
         Total |    108 |    108 |      0 |     23 |     24 |   1 |  108.0 |
       Dungeon |    108 |    108 |      0 |     23 |     24 |   1 |  108.0 |
               +--------+--------+--------+--------+--------+-----+--------+

Top non-repeatable levels by time:
     D:1: 108 daAuts
